Unix xNetHack Version 7.1.0 - last build Dec 11 2022 15:18:36 (91bc4d2507b4b34ac92889b06d50a936f6bde808). Game began 2023-05-10 14:10:15, ended 2023-05-10 15:44:01. dflexer, neutral female gnomish Healer --- --- . -- ----|.-- .| |% |...|..| -.| |] .. |..|----- |.| ..--+---B--..|.|..| |.| | --+---|-.....@...--....----- |.| +.........@...-----...........| |.| |... --+-...| |...--..--..-- |.| - |...+ |...|--.---..---.| |...| |..-- ... --.....| ---+-------------.-| ...| -----.- |..................| ..-- -.. ----- --------..| ---- .>.. |..| ...- |..| .... |..| .....| ---- -.. -- ---- Dflexer the Rhizotomist St:11 Dx:8 Co:18 In:15 Wi:13 Ch:11 Neutral S:490 Dlvl:7 $:1677 HP:0(28) Pw:18(18) AC:6 Xp:2/29 T:3349 Latest messages: Travis drops a curved sword. Travis picks up a curved sword. Travis bites the gnome. The gnome misses Travis. Travis drops a curved sword. Travis misses the gnome. Travis picks up a curved sword. Travis bites the gnome. The gnome is killed! You see here a gnome corpse. Travis drops a curved sword. You see here a white gem. A trap door opens up under you! You hear a door open. The dwarf opens a door. You hear a door open. You hear a door open. You hear a door open. What do you want to zap? [hsQ or ?*] ? In what direction? h The sleep ray hits the rothe. The sleep ray bounces! The sleep ray hits the rothe. You hear someone praising Athena. The iguana bites! You lacerate the iguana. The iguana is slightly wounded. The iguana bites! You hack the iguana! The iguana is badly wounded. You slash the iguana. The iguana is critically wounded. The iguana bites! You kill the iguana! Welcome to experience level 2. You hear a door open. The giant bat bites! The giant bat bites! The giant bat bites! You gash the giant bat. The giant bat is slightly wounded. The giant bat bites! You rend the giant bat. The giant bat is moderately wounded. The giant bat bites! The giant bat bites! You die... Do you want your possessions identified? y Do you want to see your attributes? y Do you want an account of creatures vanquished? q Major events: Turn 1: dflexer the neutral female gnomish Healer entered the dungeon 1833: entered the Gnomish Mines 3309: reached Mine Town 3349: killed by a giant bat Inventory: Inventory: 718/775 weight (42/52 slots) Coins $ - 1677 gold pieces {17} Rings F - an uncursed +2 ring of adornment {3} A - an uncursed ring of shock resistance {3} Wands Q - a wand of magic missile (0:7) {7} s - a wand of polymorph (0:7) {7} h - a wand of sleep (0:6) {7} Potions E - a cursed potion of blindness {20} g - 3 uncursed potions of extra healing {60} e - a blessed potion of healing {20} d - 2 uncursed potions of healing {40} v - an uncursed potion of object detection {20} f - an uncursed potion of water {20} Scrolls w - 2 uncursed scrolls of confuse monster {10} m - an uncursed scroll of create monster {5} P - an uncursed scroll of destroy armor {5} o - 2 uncursed scrolls of fire {10} J - a cursed scroll of identify {5} z - an uncursed scroll of punishment {5} r - an uncursed scroll of teleportation {5} B - an uncursed scroll of water {5} Spellbooks j - a blessed spellbook of extra healing {45} i - a blessed spellbook of healing {35} T - an uncursed spellbook of healing {35} k - a blessed spellbook of stone to flesh {45} Weapons C - 30 +0 darts {30} R - a +0 dagger {10} U - a +0 gold dagger {15} K - a cursed -2 wooden elven dagger {3} p - a +0 orcish dagger {10} a - a +0 scalpel (weapon in hand) {5} Armor t - an uncursed +0 stone orcish helm (being worn) {20} b - an uncursed +1 pair of leather gloves (being worn) {8} V - an uncursed +0 dwarvish cloak (being worn) {8} Comestibles l - 7 uncursed apples {14} n - an uncursed candy bar labeled "Berry Bar" {2} x - an uncursed fortune cookie {1} M - an uncursed orange {2} N - an uncursed pear {2} y - 5 uncursed lichen corpses {100} Tools L - an uncursed lantern {30} c - an uncursed stethoscope {4} W - an uncursed tallow candle {2} Gems/Stones O - 9 uncursed flint stones {18} Dflexer the Healer's attributes: Background: You were a Rhizotomist, a level 2 female gnomish Healer. You were neutral, on a mission for Hermes who was opposed by Athena (lawful) and Poseidon (chaotic). You were heterosexual. You were in the Gnomish Mines, on level 7. You entered the dungeon 3349 turns ago. You had 29 experience points, 11 more were needed to attain level 3. Your score was 490 before end-of-game adjustments. Basics: You had 0 out of 28 hit points. You had all 18 energy points (spell power). Your armor class was 6. Your wallet contained 1677 zorkmids. Autopickup was off. Final Characteristics: Your strength was 11 (limit:18/50). Your dexterity was 8 (peak:9, limit:18). Your constitution was 18 (limit:18). Your intelligence was 15 (limit:19). Your wisdom was 13 (limit:18). Your charisma was 11 (limit:18). Final Status: You were not hungry. You were unencumbered. You were wielding a knife. You had basic skill with knife. Final Attributes: You were fervently aligned. You were poison resistant. You had infravision. You were warded. You are dead. Miscellaneous: You never encountered a bones level. Total elapsed playing time was 56 minutes and 30 seconds. Vanquished creatures: a shrieker a gnome leader 2 dwarves 2 iguanas an acid blob a coyote a hobbit a large kobold a hobgoblin a cave spider a yellow mold 5 gnomes a garter snake 2 gnome zombies 2 geckos 14 jackals 2 foxes 3 goblins 3 sewer rats 3 grid bugs a bat 7 lichens 2 kobold zombies 6 newts 64 creatures vanquished. No species were genocided or became extinct. Voluntary challenges: You were illiterate. You never genocided any monsters. You never polymorphed an object. You never changed form. You never touched an artifact. You used no wishes. You never scared an enemy with impunity. You were celibate. You never generated conflict. Achievements: You entered the Gnomish Mines. You entered Minetown. The Dungeons of Doom: levels 1 to 4 Level 1: An altar to Hermes, a fountain. Level 2: Level 3: A tree. Level 4: Stairs down to The Gnomish Mines. The Gnomish Mines: levels 5 to 7 Level 5: Level 6: Level 7: <- You were here. Final resting place for you, killed by a giant bat. Game over: __________ / \ / REST \ / IN \ / PEACE \ / \ | dflexer | | 1677 Au | | killed by a | | giant bat | | | | | | 2023 | *| * * * | * _________)/\\_//(\/(/\)/\//\/|_)_______ Goodbye dflexer the Healer... You died in The Gnomish Mines on dungeon level 7 with 483 points, and 1677 pieces of gold, after 3349 moves. You were level 2 with a maximum of 28 hit points when you died.